 Dungeon Crawl Stone Soup version 0.19-a0-1886-gd64a0f0 (webtiles) character file.

394 Amnesiac the Fighter (level 6, 0/81 HPs)
             Began as an Ogre Wizard on Oct 15, 2016.
             Slain by an orc (5 damage)
             ... on level 4 of the Dungeon.
             The game lasted 00:08:01 (3243 turns).

Amnesiac the Fighter (Ogre Wizard)                  Turns: 3243, Time: 00:08:02

Health: 0/81       AC:  2    Str: 18    XL:     6   Next: 81%
Magic:  11/11      EV: 10    Int: 19    God:
Gold:   63         SH:  0    Dex:  8    Spells: 6 memorised, 0 levels left

rFire  . . .     SeeInvis .     r - +2 dagger (venom)
rCold  . . .     Gourm    .     a - +0 robe
rNeg   . . .     Faith    .     (no shield)
rPois  .         Spirit   .     b - +0 hat
rElec  .         Dismiss  .     (no cloak)
rCorr  .         Reflect  .     (gloves unavailable)
MR     .....     Harm     .     (boots unavailable)
Stlth  +......... Rnd*Tele +    (no amulet)
                                (no ring)
                                e - ring of teleportation (curse)

@: mighty
A: unfitting armour, deformed body, robust 1, tough skin 1, subdued magic 1
a: no special abilities


You were on level 4 of the Dungeon.
You were not hungry.

You visited 1 branch of the dungeon, and saw 4 of its levels.

You collected 63 gold pieces.

Inventory:

Hand Weapons
 f - a +2 dagger of electrocution
 l - a +0 blowgun
 r - a +2 dagger of venom (weapon)
Missiles
 m - 20 poisoned needles
Armour
 a - a +0 robe (worn)
 b - a +0 hat (worn)
Jewellery
 e - a cursed ring of teleportation (left hand)
Potions
 h - a potion of cure mutation
Books
 c - a book of Minor Magic

   Spells                             Type                      Level
   a - Magic Dart                     Conjuration                  1
   b - Blink                          Translocation                2
   c - Call Imp                       Summoning                    2
   d - Repel Missiles                 Charms/Air                   2
   e - Slow                           Hexes                        2
   f - Conjure Flame                  Conjuration/Fire             3
   g - Mephitic Cloud                 Conjuration/Poison/Air       3
 j - a book of Cantrips

   Spells                             Type                      Level
   a - Confusing Touch                Hexes                        1
   b - Animate Skeleton               Necromancy                   1
   c - Summon Small Mammal            Summoning                    1
   d - Apportation                    Translocation                1
Comestibles
 d - 3 bread rations
 p - a chunk of flesh


   Skills:
 + Level 8.8 Fighting
 - Level 1.7 Dodging
 - Level 1.4 Stealth
 - Level 3.6 Spellcasting
 - Level 0.6 Conjurations
 - Level 0.6 Summonings
   Level 0.6 Translocations


You couldn't memorise any spells.
You knew the following spells:

 Your Spells              Type           Power        Failure   Level  Hunger
a - Repel Missiles        Chrm/Air       #.....       21%         2    ##.....
b - Confusing Touch       Hex            #.....       14%         1    None
d - Call Imp              Summ           #.......     14%         2    ##.....
e - Mephitic Cloud        Conj/Pois/Air  #.......     34%         3    ###....
f - Magic Dart            Conj           #...         10%         1    None
s - Conjure Flame         Conj/Fire      #.......     34%         3    ###....


Dungeon Overview and Level Annotations

Branches:
Dungeon (4/15)
 Temple: D:4-7

Altars:
Okawaru

Annotations:
D:4 Blork the orc, Robin


Innate Abilities, Weirdness & Mutations

You are too large for most types of armour.
You have tough skin. (AC +1)
Armour fits poorly on your strangely shaped body.
You are robust. (+10% HP)
Your spells are a little easier to cast, but a little less powerful.


Message History

It was a potion of mutation.
You feel extremely strange.
Your body twists and deforms.
You feel robust.
Your connection to magic feels subdued.
You feel very mighty all of a sudden. The orc wizard casts a spell at you.
The puff of flame hits you!
* * * LOW HITPOINT WARNING * * *
The orc shouts!
You puncture the orc wizard!
The orc wizard is poisoned.
The orc wizard is severely wounded.
You hear a shout!
The orc wizard points at you and mumbles some strange words.
The puff of flame misses you.
Okay, then.
You closely miss the orc wizard.
The orc wizard is severely wounded.
It was a potion of magic.
Magic courses through your body. The orc barely misses you.
The orc wizard barely misses you. The orc hits you.
You die...

. . . . ..
######### ..
#§§o@§..# #.
#§oooo..# #.
#o####..# ##
...ooo§§§.......#
....###.####o.##.#
.. ... o# # ... #
#.... #....


You could see an orc wizard and 5 orcs.

Vanquished Creatures
  A phantom (D:4)
  A scorpion (D:4)
  3 orc priests
  2 orc wizards
  A worker ant (D:4)
  3 adders
  An ooze (D:4)
  3 leopard geckos
  11 orcs
  A bat (D:2)
  3 giant cockroaches
  5 goblins
  4 hobgoblins
  4 jackals (D:2)
  5 kobolds
  A quokka (D:3)
  A frilled lizard (D:3)
50 creatures vanquished.

Vanquished Creatures (collateral kills)
  A bat (D:3)
1 creature vanquished.

Grand Total: 51 creatures vanquished

Notes
Turn   | Place    | Note
-------+----------+-------------------------------------------
     0 | D:1      | Amnesiac the Ogre Wizard began the quest for the Orb.
     0 | D:1      | Reached XP level 1. HP: 16/16 MP: 5/5
     1 | D:1      | Noticed a minotaur
     5 | D:1      | Noticed a naga
    12 | D:1      | Noticed a gargoyle
    14 | D:1      | Noticed a troll
    16 | D:1      | Noticed a human
    16 | D:1      | Noticed a formicid
   108 | D:2      | Reached skill level 1 in Fighting
   281 | D:2      | Learned a level 1 spell: Confusing Touch
   289 | D:2      | Reached skill level 2 in Fighting
   355 | D:2      | Reached XP level 2. HP: 17/28 MP: 6/6
   477 | D:2      | Learned a level 2 spell: Call Imp
   593 | D:2      | Found an iron altar of Okawaru.
   786 | D:2      | Reached skill level 3 in Fighting
  1114 | D:3      | Reached skill level 4 in Fighting
  1114 | D:3      | Reached XP level 3. HP: 17/39 MP: 5/8
  1490 | D:2      | Learned a level 3 spell: Mephitic Cloud
  1500 | D:3      | Reached XP level 4. HP: 46/49 MP: 7/9
  1513 | D:3      | Reached skill level 5 in Fighting
  1629 | D:3      | Reached XP level 5. HP: 49/59 MP: 8/10
  1634 | D:3      | Reached skill level 6 in Fighting
  2337 | D:4      | Noticed Robin
  2394 | D:4      | Reached skill level 7 in Fighting
  2677 | D:4      | Reached XP level 6. HP: 69/71 MP: 9/11
  2685 | D:4      | Learned a level 3 spell: Conjure Flame
  2688 | D:4      | Learned a level 2 spell: Repel Missiles
  2716 | D:4      | Noticed Blork the orc
  3050 | D:4      | Noticed a phantom
  3095 | D:4      | Killed a phantom
  3095 | D:4      | Reached skill level 8 in Fighting
  3238 | D:4      | Gained mutation: Armour fits poorly on your strangely shaped body. [potion of mutation]
  3238 | D:4      | Gained mutation: You are robust. (+10% HP) [potion of mutation]
  3238 | D:4      | Gained mutation: Your spells are a little easier to cast, but a little less powerful. [potion of mutation]
  3239 | D:4      | HP: 4/81 [orc wizard/puff of flame (10)]
  3243 | D:4      | Slain by an orc

Vault maps used:
D:1:      shiori_arrival_whats_in_store_for_you
D:2:      kennysheep_okawaru_gauntlet
D:3:      kennysheep_generic_room_13, uniq_grinder
D:4:      first_bread, kennysheep_generic_room_11, uniq_blork_the_orc,
          uniq_robin, uniq_eustachio

Skill      XL: |  1  2  3  4  5  6 |
---------------+-------------------+-----
Fighting       | 2 4 5 7 8 |  8.8
Dodging        | |  1.7
Stealth        | |  1.4
Spellcasting   | |  3.6
Conjurations   | |  0.6
Summonings     | |  0.6
Translocations | |  0.6

Action                   |  1- 3 |  4- 6 || total
-------------------------+-------+-------++-------
Melee: Unarmed           |   107 |    29 ||   136
       Morningstar       |    16 |    79 ||    95
       Dagger            |       |    46 ||    46
 Cast: Magic Dart        |    32 |    14 ||    46
       Confusing Touch   |    17 |    10 ||    27
       Call Imp          |     1 |       ||     1
       Mephitic Cloud    |       |     4 ||     4
       Repel Missiles    |       |     1 ||     1
  Use: Potion            |     2 |     3 ||     5
       Scroll            |       |     4 ||     4
 Stab: Confused          |     1 |     3 ||     4
       Sleeping          |       |     1 ||     1
  Eat: Chunk             |     2 |     6 ||     8
Armor: Robe              |    44 |    31 ||    75
Dodge: Dodged            |   110 |    71 ||   181
       Deflected         |       |     2 ||     2
